 Dungeon Crawl Stone Soup version 0.30-a0-743-gbfdf073431 (webtiles) character file.

Game seed: 2553721676508707626

79 CrazyBamboolord the Caller (level 4, 0/28 HPs)
             Began as an Octopode Summoner on Feb 8, 2023.
             Succumbed to an orc's poison
             ... on level 2 of the Dungeon.
             The game lasted 00:03:17 (1896 turns).

CrazyBamboolord the Caller (Octopode Summoner)      Turns: 1896, Time: 00:03:18

Health: 0/28       AC:  1    Str:  7    XL:     4   Next: 37%
Magic:  6/7        EV: 13    Int: 19    God:
Gold:   148        SH:  0    Dex: 12    Spells: 6/7 levels left

rFire   . . .      SeeInvis .    (no weapon)
rCold   . . .      Faith    .    (no shield)
rNeg    . . .      Spirit   .    (helmet restricted)
rPois   .          Reflect  .    (no amulet)
rElec   .          Harm     .    (no ring)
rCorr   .          Rampage  .    (no ring)
Will    .....                    (no ring)
Stlth   +++                      (no ring)
HPRegen 0.24/turn                (no ring)
MPRegen 0.10/turn                (no ring)
                                 (no ring)
                                 (no ring)

@: lethally poisoned (0 -> -9)
A: almost no armour, amphibious, 8 rings, camouflage 1, gelatinous body 1,
(nimble swimmer 1), tentacles
a: no special abilities


You were on level 2 of the Dungeon.
You visited 1 branch of the dungeon, and saw 3 of its levels.

You collected 148 gold pieces.

Inventory:

Scrolls
 c - a scroll of teleportation {unknown}
 d - a scroll of poison
 g - a scroll of noise {unknown}
 i - a scroll of magic mapping {unknown}
Potions
 a - 2 potions of magic
 b - a potion of berserk rage {unknown}
 e - a potion of curing {unknown}
 f - a potion of cancellation {unknown}
 h - a potion of resistance {unknown}


   Skills:
 * Level 1.2 Fighting
 * Level 2.2 Dodging
 + Level 3.0 Stealth
 * Level 0.9 Unarmed Combat
 * Level 2.4 Spellcasting
 * Level 4.7 Summonings
 * Level 0.5 Air Magic


You had 6 spell levels left.
You knew the following spells:

 Your Spells              Type           Power      Damage    Failure   Level
a - Summon Small Mammal   Summ           80%        N/A       2%          1

Your spell library contained the following spells:

 Spells                   Type           Power      Damage    Failure   Level
 Call Imp                 Summ           20%        N/A       3%          2
 Call Canine Familiar     Summ           20%        N/A       7%          3
 Summon Guardian Golem    Hex/Summ       11%        N/A       19%         3
 Summon Lightning Spire   Summ/Air       12%        N/A       50%         4


Dungeon Overview and Level Annotations

Branches:
Dungeon (3/15)

Altars:
Ru


Innate Abilities, Weirdness & Mutations

You cannot wear most types of armour.
You are amphibious.
You can wear up to eight rings at the same time.
Your skin changes colour to match your surroundings (Stealth+).
Your rubbery body absorbs attacks. (AC +1, EV +1)
((You are camouflaged when in or above water. (Stealth+)))
You have tentacles for arms and can constrict up to eight enemies at once.


Message History

You tentacle-slap the worm. You squeeze the worm.
The worm is moderately wounded.
You constrict the worm.
Your quokka dies!
Your quokka's corpse disappears in a puff of smoke!
Your bat hits the worm but does no damage.
The orc hits your bat with a +0 mace.
Your bat dies!
Your bat's corpse disappears in a puff of smoke!
You release your grip on the worm.
The worm barely misses you. The orc hits you with a +0 mace.
You barely miss the orc. You grab the orc.
You tentacle-slap the orc, but do no damage.
You squeeze the orc.
The orc is severely wounded.
You constrict the orc, but do no damage.
The orc hits you with a +0 war axe! The worm barely misses you.
The worm completely misses you.
You tentacle-slap the orc but do no damage.
The orc is severely wounded.
You constrict the orc, but do no damage.
The orc barely misses you. The orc hits you with a +0 mace.
You tentacle-slap the orc. You grab the orc.
You tentacle-slap the orc, but do no damage.
You squeeze the orc.
The orc is almost dead.
You constrict the orc.
You kill the orc!
You constrict the orc.
You kill the orc!
The worm closely misses you. x2
The orc hits you with a +0 dagger of venom.
* * * LOW HITPOINT WARNING * * *
You are lethally poisoned!
There is a stone staircase leading up here.
* * * LOW HITPOINT WARNING * * *
You feel very sick. The orc misses you.
You climb upwards.
You die...

#.....#.##### ##.....##..<#
#.....#.## #..#.#.##.###
#........# #.##.#....###
#.....##.# ####.##.#######.
#.....##.# #....##.........
########.###.##############
#####.#...##............
#.............##########
#......@......#
#.......o.....#
#######.......#
#.......##########
#.#...............
#.#.....##########
#.#.....#
#.################ ###
#.................


You could see an orc.

Vanquished Creatures
  Jessica (D:2)
  An adder (D:2)
  A dart slug (D:2)
  2 orcs (D:3)
  2 giant cockroaches (D:2)
  4 goblins
  3 hobgoblins
  3 jackals (D:1)
  2 kobolds (D:2)
  2 quokkas
  2 bats (D:2)
  3 frilled lizards
  A rat (D:1)
27 creatures vanquished.

Vanquished Creatures (collateral kills)
  An orc (D:3)
  2 endoplasms
  2 goblins
  A jackal (D:1)
  A quokka (D:1)
7 creatures vanquished.

Grand Total: 34 creatures vanquished

Notes
Turn   | Place    | Note
-------+----------+-------------------------------------------
     0 | D:1      | CrazyBamboolord the Octopode Summoner began the quest for
                  | the Orb.
     0 | D:1      | Reached XP level 1. HP: 11/11 MP: 3/3
   286 | D:1      | Reached XP level 2. HP: 18/18 MP: 1/5
   932 | D:2      | Reached XP level 3. HP: 22/22 MP: 3/6
  1143 | D:2      | Reached skill level 1 in Fighting
  1198 | D:2      | Found a sacrificial altar of Ru.
  1280 | D:2      | Found Akanadghy's Weapon Emporium.
  1560 | D:2      | Noticed Jessica
  1568 | D:2      | Killed Jessica
  1569 | D:2      | Reached XP level 4. HP: 28/28 MP: 4/7
  1896 | D:2      | Succumbed to an orc's poison

Illustrated notes

Levels and vault maps discovered:
D:1:      dpeg_arrival_houses_and_road, layout_basic,
          wander_ebering_terrifying_dragon_lair
D:2:      layout_basic, serial_shops, nicolae_shop_bloodbath_and_beyond,
          basic_altar, uniq_jessica
D:3:      layout_rooms, mainiacjoe_overflow_tiny_flanked,
          grunt_gozag_breadcrumbs, nicolae_ru_sacrificial_ziggurat

Skill      XL: |  1  2  3 |
---------------+----------+-----
Fighting       | 1 |  1.2
Stealth        | 3 |  3.0
Dodging        | |  2.2
Unarmed Combat | |  0.9
Spellcasting   | |  2.4
Summonings     | |  4.7
Air Magic      | |  0.5

Action                     |  1- 3 |  4- 6 || total
---------------------------+-------+-------++-------
  Melee: Unarmed           |    53 |    11 ||    64
         Constrict         |    17 |     4 ||    21
         Tentacles         |    16 |     5 ||    21
         Punch             |     2 |     2 ||     4
   Cast: Summon Small Mamm |    35 |     6 ||    41
    Use: Scroll            |     1 |       ||     1
   Stab: Sleeping          |     5 |       ||     5
 Armour: Skin              |     9 |       ||     9
  Dodge: Dodged            |    50 |     9 ||    59

Table legend: (Time is in decaauts)
 A = Elapsed time spent in this place.
 B = Non-inter-level travel time spent in this place.
 C = Inter-level travel time spent in this place.
 D = Time resting spent in this place.
 E = Time spent auto-exploring this place.
 F = Levels seen in this place.
 G = Mean time per level.
                   A        B        C        D        E       F      G
               +--------+--------+--------+--------+--------+-----+--------+
         Total |   1895 |   1874 |     21 |      0 |   1612 |   3 |  631.7 |
       Dungeon |   1895 |   1874 |     21 |      0 |   1612 |   3 |  631.7 |
               +--------+--------+--------+--------+--------+-----+--------+

Top non-repeatable levels by time:
     D:2: 1044 daAuts
     D:1: 835 daAuts
     D:3: 15 daAuts
